 Dungeon Crawl Stone Soup version 0.29.0-4-gdea44cf6ec (webtiles) character file.

Game seed: 6537945042874944708

53 qw the Chopper (level 3, -1/31 HPs)
             Began as a Minotaur Fighter on Sept 8, 2022.
             Killed by divine providence
             ... invoked by an orc priest
              (11 damage)
             ... on level 3 of the Dungeon.
             The game lasted 00:00:39 (1649 turns).

qw the Chopper (Minotaur Fighter)                   Turns: 1649, Time: 00:00:39

Health: -1/31      AC:  8    Str: 19 (22) XL:     3   Next: 64%
Magic:  2/2        EV:  9    Int:  3 (5)  God:
Gold:   96         SH:  4    Dex:  8 (9)  Spells: 2/2 levels left

rFire   . . .      SeeInvis .   Y - +0 war axe
rCold   . . .      Faith    .   c - +0 buckler
rNeg    . . .      Spirit   .   b - +0 scale mail
rPois   .          Reflect  .   (helmet restricted)
rElec   .          Harm     .   (no cloak)
rCorr   .          Rampage  .   (no gloves)
Will    .....                   g - +0 pair of boots {Fly}
Stlth   ..........              (no amulet)
HPRegen 0.10/turn               (no ring)
MPRegen 0.08/turn               (no ring)

@: flying
A: horns 2, retaliatory headbutt
a: no special abilities


You were on level 3 of the Dungeon.
You visited 1 branch of the dungeon, and saw 3 of its levels.

You collected 96 gold pieces.


Innate Abilities, Weirdness & Mutations

You have a pair of horns on your head.
You reflexively headbutt those who attack you in melee.


   Skills:
 - Level 3.6 Fighting
 + Level 4.9 Axes
 - Level 3.6 Armour
 - Level 3.6 Shields


You had 2 spell levels left.
You didn't know any spells.
Your spell library was empty.

Inventory:

Hand Weapons
 m - a +0 whip
 Y - a +0 war axe (weapon)
Armour
 b - a +0 scale mail (worn)
 c - a +0 buckler (worn)
 g - a +0 pair of boots of flying (worn)
Scrolls
 n - a scroll of identify
Potions
 a - a potion of cancellation
 d - a potion of might
 i - a potion of curing {unknown}
 j - a potion of mutation {unknown}
 k - a potion of brilliance {unknown}
 q - a potion of heal wounds {unknown}

Dungeon Overview and Level Annotations

Branches:
Dungeon (3/15)

Altars:
Fedhas


Message History

The orc priest barely misses you.
You miss the orc priest. You completely miss something.
The bat hits you but does no damage. Something hits you.
The orc priest hits you but does no damage.
You bump into the rock wall.
Something hits you but does no damage. The orc priest hits you with a +0 club.
The bat barely misses you.
You miss the bat.
The bat is moderately wounded.
You miss something. You hit the orc priest.
The bat hits you but does no damage. Something hits you.
The orc priest hits you with a +0 club.
You miss the bat.
The bat is moderately wounded.
You closely miss something. You miss the orc priest.
The bat closely misses you. x2; The bat barely misses you.
Something hits you.
The orc priest hits you but does no damage.
You hear some strange, mumbled words.
Something tries to affect you, but you resist.
The orc priest hits you but does no damage.
You miss the orc priest.
The orc priest is lightly wounded.
You completely miss something. The bat closely misses you.
Something hits you but does no damage. The orc priest barely misses you.
You feel less confused. The bat barely misses you.
Something hits you but does no damage.
The orc priest calls down the wrath of Beogh upon you.
Pain shoots through your body!
Things that are here:
a +0 war axe; an orc corpse You closely miss the orc priest.
The orc priest is lightly wounded.
You closely miss something. The bat hits you but does no damage.
You hear some strange, mumbled words.
Something tries to affect you, but you resist.
The orc priest invokes the aid of Beogh against you.
Beogh smites you!
You die...

##### #####
..... . ##...#
..... .. ....#
.....
#!.####...#
#####
#.....b..#######
......$.......#
#...@{..?..# #
###....o.....# #
###...##########
# #.<.### #
#.### # ###.# #
###>..# #
#...### # ##.###


You could see an orc priest and a bat.

Vanquished Creatures
  3 adders
  A worm (D:2)
  An orc (D:3)
  2 endoplasms
  3 hobgoblins (D:2)
  4 ball pythons
  2 bats
  A frilled lizard (D:1)
  3 goblins
  3 kobolds
  2 rats (D:1)
25 creatures vanquished.

Notes
Turn   | Place    | Note
-------+----------+-------------------------------------------
     0 | D:1      | qw the Minotaur Fighter began the quest for the Orb.
     0 | D:1      | Reached XP level 1. HP: 19/19 MP: 0/0
     0 | D:1      | 0 ||| qw: Version: 0.1-a-112-g44dc6cd
     0 | D:1      | 0 ||| qw: Game counter: 6863
     0 | D:1      | 0 ||| qw: Always use a shield: true
     0 | D:1      | 0 ||| qw: God list: Ru
     0 | D:1      | 0 ||| qw: Allow faded altars: false
     0 | D:1      | 0 ||| qw: Do Orc after D:15 true
     0 | D:1      | 0 ||| qw: Do second Lair branch before Depths: true
     0 | D:1      | 0 ||| qw: Lair rune preference: random
     0 | D:1      | 0 ||| qw: Plans: Normal
     0 | D:1      | 0 ||| PLANNING D:1-11
   371 | D:1      | 371 ||| READING scroll labelled VUOSIURURO.
   372 | D:1      | 372 ||| READING scroll labelled ECITHR LOFUO.
   373 | D:1      | 373 ||| READING scroll labelled TUBIOBOTHA.
   374 | D:1      | 374 ||| READING scroll labelled CYLOWE TIO.
   377 | D:1      | Reached skill level 3 in Axes
   377 | D:1      | 377 ||| READING scroll labelled INEUBIQ WOPAUX.
   378 | D:1      | 378 ||| Stepping randomly (stuck).
   902 | D:1      | 902 ||| UPGRADING to +0 pair of boots of flying.
   907 | D:1      | 907 ||| READING 2 scrolls labelled KITUIX QUEPE.
   985 | D:2      | Reached XP level 2. HP: 26/26 MP: 1/1
   988 | D:2      | Found a blossoming altar of Fedhas.
  1074 | D:2      | 1074 ||| DROPPING +0 club.
  1144 | D:2      | Reached skill level 4 in Axes
  1144 | D:2      | Reached XP level 3. HP: 31/31 MP: 2/2
  1167 | D:2      | 1167 ||| Stepping ~*~*~tactically~*~*~ (stealth).
  1182 | D:2      | 1182 ||| Stepping ~*~*~tactically~*~*~ (stealth).
  1251 | D:2      | 1251 ||| Stepping ~*~*~tactically~*~*~ (hiding).
  1549 | D:2      | 1549 ||| READING scroll labelled ZEACOJ BANGOO.
  1550 | D:2      | 1550 ||| READING scroll labelled WOOMIS REROSK.
  1551 | D:2      | 1551 ||| READING scroll labelled TETETYIPTA.
  1552 | D:2      | 1552 ||| DRINKING 2 pink potions.
  1553 | D:2      | 1553 ||| READING 3 scrolls of identify.
  1553 | D:2      | 1553 ||| IDENTIFYING golden potion
  1554 | D:2      | 1554 ||| READING 2 scrolls of identify.
  1554 | D:2      | 1554 ||| IDENTIFYING sedimented sapphire potion
  1555 | D:2      | 1555 ||| DROPPING potion of lignification.
  1556 | D:2      | 1556 ||| DROPPING potion of degeneration.
  1557 | D:2      | 1557 ||| READING scroll of teleportation.
  1649 | D:3      | Killed from afar by an orc priest

Levels and vault maps discovered:
D:1:      heliophobic_arrival_battle_scene, layout_rooms,
          serial_co_window_serial, co_window_cross_1, co_window_paths_a,
          co_window_paths_a, co_window_paths_a, co_window_corner_a,
          co_window_corner_a, co_window_paths_a, co_window_of_opportunity_a,
          co_window_corner_a, co_window_cross_4, co_window_broadway_a,
          co_window_broadway_c, co_window_of_opportunity_b,
          co_window_of_opportunity_c, co_window_4corner_b, glass_columns_a,
          glass_columns_a, glass_columns_a, glass_columns_b
D:2:      layout_basic, basic_altar, small_statue_intersection,
          hangedman_decor_opposing
D:3:      layout_rooms, kennysheep_cross_room

Skill      XL: |  1  2 |
---------------+-------+-----
Axes           | 3 4 |  4.9
Fighting       | |  3.6
Armour         | |  3.6
Shields        | |  3.6

Action                   || total
-------------------------++-------
Melee: War axe           ||    68
       Headbutt          ||     8
  Use: Scroll            ||    12
       Potion            ||     1
Armor: Scale mail        ||    38
Dodge: Dodged            ||    48
Block: Buckler           ||    13

Table legend:
 A = Non-vault XP
 B = Vault XP
 C = Vault XP percentage of total XP
 D = Non-vault monster count
 E = Vault monster count
 F = Vault count percentage of total count
                 A         B        C        D         E       F
            +---------+---------+-------+---------+---------+-------
      Total |      77 |       0 |   0.0 |      25 |       0 |   0.0
            +---------+---------+-------+---------+---------+-------
        D:1 |       9 |       0 |   0.0 |       8 |       0 |   0.0
        D:2 |      51 |       0 |   0.0 |      14 |       0 |   0.0
        D:3 |      17 |       0 |   0.0 |       3 |       0 |   0.0
            +---------+---------+-------+---------+---------+-------
